 Dungeon Crawl Stone Soup version 0.32-a0-433-g08bcfe7efd (webtiles) character file.

Game seed: 11501714064832530036

70 jasper the Chopper (level 4, 0/35 HPs)
             Began as a Coglin Chaos Knight on Feb 22, 2024.
             Was a Plaything of Xom.
             Slain by Grinder (6 damage)
             ... on level 3 of the Dungeon.
             The game lasted 00:03:01 (1723 turns).

jasper the Chopper (Coglin Chaos Knight)            Turns: 1723, Time: 00:03:01

Health: 0/35       AC:  6    Str: 14      XL:     4   Next: 22%
Magic:  4/4        EV: 11    Int: 11 (12) God:    Xom [*.....]
Gold:   116        SH:  0    Dex: 13      Spells: 3/3 levels left

rFire   . . .        a - +0 hand axe (chaos) {Wira}
rCold   . . .        g - +0 short sword (venom) {Hisao}
rNeg    . . .        b - +3 leather armour
rPois   .            (no helmet)
rElec   .            (no cloak)
rCorr   .            (no gloves)
SInv    .            (no boots)
Will    .....        (no amulet)
Stlth   +            (no ring)
HPRegen 0.25/turn    (no ring)
MPRegen 0.09/turn

%: no passive effects
@: immotile, revving
A: off-hand wielding, slow wielding, warmup strikes, legs shutdown
a: Renounce Religion


You were on level 3 of the Dungeon.
You worshipped Xom.
You were a special plaything of Xom.
You visited 1 branch of the dungeon, and saw 3 of its levels.

You collected 116 gold pieces.

Inventory:

Hand Weapons
 a - a +0 hand axe of chaos (weapon) {Wira}
 g - a +0 short sword of venom (offhand) {Hisao}
Missiles
 c - 5 javelins
 k - 9 stones (quivered)
Armour
 b - a +3 leather armour (worn)
Scrolls
 d - a scroll of blinking
 j - 2 scrolls of revelation {unknown}
 l - a scroll of brand weapon {unknown}
 n - a scroll of immolation
Potions
 e - a potion of berserk rage {unknown}
 f - 2 potions of heal wounds
 i - a potion of ambrosia {unknown}
 m - 2 potions of lignification {unknown}


   Skills:
 + Level 3.5 Fighting
 * Level 4.0 Axes
 + Level 2.4 Armour
 - Level 0.8 Dodging


You had 3 spell levels left.
You didn't know any spells.
Your spell library contained the following spells:

 Spells                   Type           Power      Damage    Failure   Level
 Fugue of the Fallen      Necr           0%         N/A       78%         3
 Ozocubu's Armour         Ice            0%         N/A       78%         3
 Manifold Assault         Tloc           0%         N/A       99%         4


Dungeon Overview and Level Annotations

Branches:
Dungeon (3/15)

Altars:

Annotations:
D:3 Grinder


Innate Abilities, Weirdness & Mutations

You can wield a second weapon in your off-hand.
It takes a long time for you to wield or remove held weapons.
Your first few attacks do less damage.
Attacking and casting redirects power from your legs.


Message History

You resist with significant effort.
You are no longer unable to travel. "Heh heh heh..."
You are confused.
Grinder misses you.
You see here a hobgoblin corpse.
Grinder blinks!
You see here a hobgoblin corpse. "Suffer!"
Your body is wracked with pain!
You take 16 damage, and have 18/35 hp.
MASSIVE DAMAGE!!
You hit Grinder with your +0 hand axe of chaos.
Grinder is lightly wounded.
You hit Grinder but do no damage.
A frilled lizard comes into view.
Grinder gestures at you. You resist with significant effort.
You feel better.
You are no longer unable to travel.
Grinder gestures at you.
You suddenly lose the ability to move!
The frilled lizard hisses angrily.
Grinder hits you. Grinder hits you.
The frilled lizard bites you but does no damage.
Grinder hits you.
You writhe in agony.
You can move again.
You take 7 damage, and have 12/35 hp.
Unknown command.
You hit Grinder with your +0 hand axe of chaos.
Grinder is lightly wounded.
You hit the frilled lizard with your +0 hand axe of chaos.
You freeze the frilled lizard.
You kill the frilled lizard!
You hit Grinder but do no damage. Grinder hits you.
* * * LOW HITPOINT WARNING * * *
You writhe in agony.
You die...
Grinder says, "Hey, I wasn't done torturing you yet!"
Xom roars with laughter!

##.###......###....#
#.####............#
#.#..'......[.....
#.#.##..........#
#.#.##...#......##.
#.#.##...##........
#.#<####...........
##.######...........
#...........@...##..
########...†5####
#..)......
#..........
#...........
#............
#...........#
#...........#


You could see Grinder.

Vanquished Creatures
  3 adders (D:2)
  A dart slug (D:2)
  4 ball pythons
  5 endoplasms
  5 giant cockroaches (D:1)
  5 goblins
  2 hobgoblins
  4 jackals (D:2)
  5 bats
  2 frilled lizards
  A rat (D:1)
37 creatures vanquished.

Notes
Turn   | Place    | Note
-------+----------+-------------------------------------------
     0 | D:1      | jasper the Coglin Chaos Knight began the quest for the Orb.
     0 | D:1      | Reached XP level 1. HP: 18/18 MP: 1/1
     6 | D:1      | Noticed a snapping turtle
     6 | D:1      | Noticed a black bear
     6 | D:1      | Noticed a redback
     7 | D:1      | Noticed a mana viper
     7 | D:1      | Noticed a swamp worm
    75 | D:1      | XOM: silly message
    84 | D:1      | Reached XP level 2. HP: 19/24 MP: 2/2
   123 | D:1      | XOM: smoke on damage
   256 | D:1      | XOM: divination: magic mapping
   295 | D:1      | Found a faded altar of an unknown god.
   469 | D:1      | XOM: torment (13/24 hp)
   689 | D:1      | XOM: cloud trail
  1107 | D:2      | XOM: smoke on damage
  1108 | D:2      | Reached XP level 3. HP: 22/29 MP: 3/3
  1169 | D:2      | XOM: silly message
  1401 | D:2      | Reached XP level 4. HP: 35/35 MP: 4/4
  1494 | D:2      | XOM: noise
  1548 | D:2      | Reached skill level 4 in Axes
  1701 | D:3      | XOM: stat loss: -1 Int (11/12)
  1704 | D:3      | Noticed Grinder
  1714 | D:3      | XOM: confusion
  1717 | D:3      | XOM: torment (18/35 hp)
  1719 | D:3      | Paralysed by Grinder for 4 turns
  1723 | D:3      | Slain by Grinder

Illustrated notes

Levels and vault maps discovered:
D:1:      onia_arrival_zoo_common, layout_basic, shapermc_ecumenical_altar_venn,
          minmay_fountain_box
D:2:      layout_loops_ring
D:3:      layout_basic, uniq_ijyb, uniq_grinder

Skill      XL: |  1  2  3  4 |
---------------+-------------+-----
Armour         | 2 |  2.4
Axes           | 4 |  4.0
Fighting       | |  3.5
Dodging        | |  0.8

Action                     |  1- 3 |  4- 6 || total
---------------------------+-------+-------++-------
  Melee: Hand axe          |    62 |    11 ||    73
         Short sword       |    26 |    10 ||    36
    Use: Scroll            |     6 |       ||     6
         Potion            |       |     1 ||     1
 Armour: Leather armour    |    36 |     8 ||    44
  Dodge: Dodged            |    36 |     4 ||    40

Table legend: (Time is in decaauts)
 A = Elapsed time spent in this place.
 B = Non-inter-level travel time spent in this place.
 C = Inter-level travel time spent in this place.
 D = Time resting spent in this place.
 E = Time spent auto-exploring this place.
 F = Levels seen in this place.
 G = Mean time per level.
                   A        B        C        D        E       F      G
               +--------+--------+--------+--------+--------+-----+--------+
         Total |   1728 |   1637 |     91 |     38 |   1344 |   3 |  576.0 |
       Dungeon |   1728 |   1637 |     91 |     38 |   1344 |   3 |  576.0 |
               +--------+--------+--------+--------+--------+-----+--------+

Top non-repeatable levels by time:
     D:1: 1107 daAuts
     D:2: 569 daAuts
     D:3: 51 daAuts
